 Dungeon Crawl Stone Soup version 0.23.1 (webtiles) character file.

Game seed: 8163884112601392083

40 mralvaruus the Firebug (level 3, 0/19 HPs)
             Began as a Deep Elf Fire Elementalist on Mar 14, 2019.
             Succumbed to an adder's poison
             ... on level 1 of the Dungeon.
             The game lasted 00:09:34 (775 turns).

mralvaruus the Firebug (Deep Elf Fire Elementalist)  Turns: 775, Time: 00:09:34

Health: 0/19       AC:  3    Str:  5    XL:     3   Next: 30%
Magic:  7/10       EV: 18    Int: 20    God:
Gold:   76         SH:  0    Dex: 20    Spells: 3/9 levels left

rFire    . . .     SeeInvis .   (no weapon)
rCold    . . .     Gourm    .   (no shield)
rNeg     . . .     Faith    .   a - +0 robe
rPois    .         Spirit   .   (no helmet)
rElec    .         Reflect  .   (no cloak)
rCorr    .         Harm     .   g - +0 pair of gloves
MR       .....                  (no boots)
Stlth    +++.......             (no amulet)
HPRegen  0.06/turn              (no ring)
MPRegen  0.12/turn              (no ring)

@: agile, lethally poisoned (0 -> -20)
A: no striking features
a: no special abilities


You were on level 1 of the Dungeon.
You were not hungry.

You visited 1 branch of the dungeon, and saw 2 of its levels.

You collected 76 gold pieces.

Inventory:

Armour
 a - a +0 robe (worn)
 g - a +0 pair of gloves (worn)
 h - a scarf of spirit shield
Potions
 e - 2 potions of curing {unknown}
 f - a potion of degeneration {unknown}
Comestibles
 b - 4 chunks of flesh
 c - 6 rations


   Skills:
 - Level 2.4 Dodging
 - Level 2.4 Stealth
 + Level 3.5 Spellcasting
 + Level 2.0 Conjurations
 * Level 4.2 Fire Magic


You had 3 spell levels left.
You knew the following spells:

 Your Spells              Type           Power        Failure   Level  Hunger
a - Flame Tongue          Conj/Fire      ###..        3%          1    None
b - Throw Flame           Conj/Fire      ###...       5%          2    ##.....
c - Inner Flame           Hex/Fire       ##......     17%         3    ###....

Your spell library contained the following spells:

 Spells                   Type           Power        Failure   Level  Hunger
 Conjure Flame            Conj/Fire      ###.....     11%         3    ###....
 Sticky Flame             Conj/Fire      ###.....     36%         4    ####...
 Fireball                 Conj/Fire      ###.......   71%         5    ######.


Dungeon Overview and Level Annotations

Branches:
Dungeon (2/15)

Altars:


Message History

You are more poisoned.
The adder poisons you! The adder bites you.
* * * LOW HITPOINT WARNING * * *
You are more poisoned.
The adder poisons you!
Casting: Flame Tongue (safe; 4% risk of failure)
Confirm with . or Enter, or press ? or * to list all spells.
Aiming: Flame Tongue (safe; 4% risk of failure)
Press: ? - help, Shift-Dir - straight line, f/p - adder
Aim: an adder (almost dead)
The flame tongue hits the adder.
You kill the adder!
Your Conjurations skill increases to level 2!
* * * LOW HITPOINT WARNING * * *
You feel sick.
* * * LOW HITPOINT WARNING * * *
You feel sick.
It was a potion of agility.
You feel agile all of a sudden.
You die...

##........#.#*,♣#
#............
.....####.#.♣*,**
##...♣.♣...#.#
#..### ##..#♣,,,*
#..#######....
#..###
#....♣,,,♣###..#
*.... .....#
#.###♣*,*♣.....###
*.... ...#.###.#
*,,*♣.......#
*.... #.##(....#
**♣♣#..÷#####
*,,,, ..####..##
#†>..## *,,,, ..#
#.## ##.@.## *****
..####.# ##.....#
....#### #......#
....# ####...#
....# #...# ....#
#...# ##### #...#
#...# #...#


There were no monsters in sight!

Vanquished Creatures
  An adder (D:1)
  An ooze (D:1)
  A dart slug (D:1)
  A ball python (D:1)
  5 bats (D:1)
  A giant cockroach (D:1)
  2 hobgoblins (D:1)
  2 frilled lizards
  6 goblins (D:1)
  2 kobolds
  4 rats
26 creatures vanquished.

Notes
Turn   | Place    | Note
-------+----------+-------------------------------------------
     0 | D:1      | mralvaruus the Deep Elf Fire Elementalist began the quest
                  | for the Orb.
     0 | D:1      | Reached XP level 1. HP: 10/10 MP: 6/6
   288 | D:1      | Reached XP level 2. HP: 9/15 MP: 0/8
   292 | D:1      | Learned a level 2 spell: Throw Flame
   518 | D:1      | Reached skill level 4 in Fire Magic
   668 | D:1      | Reached XP level 3. HP: 19/19 MP: 7/9
   700 | D:1      | Learned a level 3 spell: Inner Flame
   775 | D:1      | Succumbed to an adder's poison

Skill      XL: |  1  2  3 |
---------------+----------+-----
Fire Magic     | 4 |  4.2
Conjurations   | 2 |  2.0
Dodging        | |  2.4
Stealth        | |  2.4
Spellcasting   | |  3.5

Action                   || total
-------------------------++-------
Melee: Unarmed           ||    10
 Cast: Flame Tongue      ||    46
       Throw Flame       ||     1
  Use: Scroll            ||     2
       Potion            ||     1
Armor: Robe              ||     5
Dodge: Dodged            ||    28
